 Dungeon Crawl Stone Soup version 0.30.0-15-g856e2d3f33 (webtiles) character file.

Game seed: 5004666822110367348

32 qw the Chopper (level 3, -4/23 HPs)
             Began as a Gargoyle Cinder Acolyte on May 18, 2023.
             Was a High Priest of Ignis.
             Slain by a gnoll
             ... wielding a +2 flail of protection
              (5 damage)
             ... on level 1 of the Dungeon.
             The game lasted 00:00:22 (563 turns).

qw the Chopper (Gargoyle Cinder Acolyte)             Turns: 563, Time: 00:00:23

Health: -4/23      AC: 12    Str: 19    XL:     3   Next: 27%
Magic:  4/4        EV: 11    Int: 14    God:    Ignis [*****.]
Gold:   14         SH:  0    Dex:  5    Spells: 4/4 levels left

rFire   + . .        a - -1 hand axe (flame)
rCold   . . .        (no shield)
rNeg    + . .        b - +0 robe
rPois   inf          (no helmet)
rElec   +            (no cloak)
rCorr   .            (no gloves)
SInv    .            (no boots)
Will    .....        (no amulet)
Stlth   +            (no ring)
HPRegen 0.23/turn    (no ring)
MPRegen 0.09/turn

%: no passive effects
@: fiery-armoured
A: sickness immunity, AC +3, negative energy resistance 1, electricity
resistance, torment resistance 1, petrification resistance
a: Renounce Religion, Fiery Armour, Foxfire Swarm, Rising Flame


You were on level 1 of the Dungeon.
You worshipped Ignis.
Ignis was extremely pleased with you.
You visited 1 branch of the dungeon, and saw 1 of its levels.

You collected 14 gold pieces.


Innate Abilities, Weirdness & Mutations

You are immune to sickness and miasma.
Your stone body is resilient. (AC +3)
You are immune to poison.
You resist negative energy. (rN+)
You are resistant to electric shocks. (rElec)
You are resistant to unholy torment.
You are immune to petrification.


   Skills:
 - Level 3.2 Fighting
 + Level 3.9 Axes
 - Level 1.0 Spellcasting
 - Level 3.0 Fire Magic


You had 4 spell levels left.
You didn't know any spells.
Your spell library contained the following spells:

 Spells                   Type           Power      Damage    Failure   Level
 Scorch                   Fire           18%        2d6       12%         2

Inventory:

Hand Weapons
 a - a -1 hand axe of flaming (weapon)
Armour
 b - a +0 robe (worn)
Jewellery
 c - a ring of protection from fire
Scrolls
 d - a scroll of vulnerability {unknown}
 e - a scroll of brand weapon {unknown}
 f - a scroll of identify {unknown}
 g - a scroll of enchant weapon {unknown}
 h - 2 scrolls of noise {unknown}
Potions
 i - a potion of heal wounds {unknown}

Dungeon Overview and Level Annotations

Branches:
Dungeon (1/15)

Altars:


Message History

You barely miss the quokka.
The quokka is heavily wounded.
The quokka completely misses you.
You hit the quokka but do no damage.
The quokka is heavily wounded.
The quokka bites you but does no damage.
The quokka is burned by your cloak of flames.
You kill the quokka!
Found an escape hatch in the floor.
h - 2 scrolls labelled IMOAT UHIWAFF (gained 1)
Found a stone staircase leading down.
A goblin comes into view. It is wielding a +1 dagger of speed.
Found a leather armour and a scroll labelled WEJESY DIKICRO.
The goblin shouts!
A gnoll comes into view.
It is wielding a +2 flail of protection.
You hit the goblin. You burn the goblin.
You kill the goblin!
The gnoll hits you with a +2 flail of protection!
You barely miss the gnoll.
The gnoll hits you with a +2 flail of protection!
The gnoll is burned by your cloak of flames.
The gnoll is lightly wounded.
558 ||| INVOKING Fiery Armour.
Your cloak of flame flares fiercely!
The gnoll hits you but does no damage.
You barely miss the gnoll.
The gnoll is lightly wounded.
The gnoll hits you with a +2 flail of protection.
You hit the gnoll but do no damage.
The gnoll is lightly wounded.
The gnoll closely misses you.
You hit the gnoll but do no damage.
The gnoll is lightly wounded.
The gnoll hits you with a +2 flail of protection.
You closely miss the gnoll.
The gnoll is lightly wounded.
The gnoll barely misses you.
You barely miss the gnoll.
The gnoll is lightly wounded.
The gnoll hits you with a +2 flail of protection.
You die...

......# ##....# ###
......######## ..#####
##...........# ...?...
.#...........# .......
.#.##........# .......
.#.##..>.....# ....... #
##.##........####g......
#.#
#.##...........@.......
...
#.##........####)......
#.. #........# .......
### # #..########
....... ... # >...
[...... ... # ###
####### ### # #########
# #.......# # #.......#
###


You could see a gnoll.

Vanquished Creatures
  A gnoll (D:1)
  A dart slug (D:1)
  4 endoplasms (D:1)
  A giant cockroach (D:1)
  3 goblins (D:1)
  2 hobgoblins (D:1)
  2 quokkas (D:1)
  A ball python (D:1)
  A frilled lizard (D:1)
  2 kobolds (D:1)
  A rat (D:1)
19 creatures vanquished.

Notes
Turn   | Place    | Note
-------+----------+-------------------------------------------
     0 | D:1      | qw the Gargoyle Cinder Acolyte began the quest for the Orb.
     0 | D:1      | Reached XP level 1. HP: 14/14 MP: 2/2
     0 | D:1      | 0 ||| qw: Version: 0.2-a-95-gc95f03d
     0 | D:1      | 0 ||| qw: Game counter: 3
     0 | D:1      | 0 ||| qw: Always use a shield: true
     0 | D:1      | 0 ||| qw: God list: Okawaru
     0 | D:1      | 0 ||| qw: Allow faded altars: false
     0 | D:1      | 0 ||| qw: Do Orc after D:15 true
     0 | D:1      | 0 ||| qw: Do second Lair branch before Depths: true
     0 | D:1      | 0 ||| qw: Lair rune preference: random
     0 | D:1      | 0 ||| qw: Plans: Normal
     0 | D:1      | 0 ||| PLANNING D:1-11
    97 | D:1      | 97 ||| Stepping ~*~*~tactically~*~*~ (hiding).
   105 | D:1      | Reached skill level 3 in Axes
   215 | D:1      | Reached XP level 2. HP: 19/19 MP: 3/3
   263 | D:1      | 263 ||| Stepping ~*~*~tactically~*~*~ (stealth).
   423 | D:1      | 423 ||| Stepping ~*~*~tactically~*~*~ (stealth).
   447 | D:1      | 447 ||| INVOKING Fiery Armour.
   448 | D:1      | Reached XP level 3. HP: 11/23 MP: 4/4
   558 | D:1      | 558 ||| INVOKING Fiery Armour.
   559 | D:1      | HP: 5/23 [gnoll/+2 flail of protection (4)]
   561 | D:1      | HP: 1/23 [gnoll/+2 flail of protection (5)]
   563 | D:1      | Slain by a gnoll

Levels and vault maps discovered:
D:1:      psy_arrival_conway, layout_basic

Skill      XL: |  1 |
---------------+----+-----
Axes           | 3 |  3.9
Fighting       | |  3.2
Spellcasting   | |  1.0
Fire Magic     | |  3.0

Action                     || total
---------------------------++-------
  Melee: Hand axe          ||    60
 Invoke: Fiery Armour      ||     2
 Armour: Robe              ||    12
  Dodge: Dodged            ||    32

Table legend:
 A = Non-vault XP
 B = Vault XP
 C = Vault XP percentage of total XP
 D = Non-vault monster count
 E = Vault monster count
 F = Vault count percentage of total count
                 A         B        C        D         E       F
            +---------+---------+-------+---------+---------+-------
      Total |      47 |       0 |   0.0 |      19 |       0 |   0.0
            +---------+---------+-------+---------+---------+-------
        D:1 |      47 |       0 |   0.0 |      19 |       0 |   0.0
            +---------+---------+-------+---------+---------+-------
